 Dungeon Crawl Stone Soup version 0.31-a0-924-ge39a22a033 (webtiles) character file.

Game seed: 3961753064016533399

245 BinkBink the Trooper (level 6, -1/39 HPs)
             Began as a Gargoyle Hunter on Oct 18, 2023.
             Slain by Edmund
             ... wielding a +1 flail of protection
              (7 damage)
             ... on level 4 of the Dungeon.
             The game lasted 00:05:28 (3245 turns).

BinkBink the Trooper (Gargoyle Hunter)              Turns: 3245, Time: 00:05:29

Health: -1/39      AC:  7    Str: 14    XL:     6   Next: 10%
Magic:  7/7        EV: 12    Int: 10    God:
Gold:   164        SH:  0    Dex: 15    Spells: 7/7 levels left

rFire   . . .        b - +0 long sword
rCold   . . .        (no shield)
rNeg    + . .        c - +0 leather armour
rPois   ∞            (no helmet)
rElec   +            (no cloak)
rCorr   .            (no gloves)
SInv    .            (no boots)
Will    .....        (no amulet)
Stlth   ++           (no ring)
HPRegen 0.26/turn    (no ring)
MPRegen 0.10/turn

%: no passive effects
@: attractive
A: sickness immunity, AC +4, negative energy resistance 1, electricity
resistance, torment resistance 1, petrification resistance
a: no special abilities


You were on level 4 of the Dungeon.
You visited 1 branch of the dungeon, and saw 4 of its levels.

You collected 164 gold pieces.

Inventory:

Hand Weapons
 a - a +0 shortbow
 b - a +0 long sword (weapon)
 g - a +0 short sword
Armour
 c - a +0 leather armour (worn)
Jewellery
 m - the ring "Riligot" {+Blink rPois rN+ Will+ Int+3}
   (You found it on level 3 of the Dungeon)

   [ring of positive energy]

   Int+3:     It affects your intelligence (+3).
   rPois:     It protects you from poison rN+: It protects you from negative
   energy.
   Will+:     It increases your willpower.
   +Blink:    It lets you blink.
Scrolls
 e - a scroll of noise {unknown}
 f - a scroll of enchant armour {unknown}
 h - a scroll of teleportation {unknown}
 i - 2 scrolls of identify {unknown}
 j - a scroll of revelation {unknown}
 k - a scroll of blinking {unknown}
 l - 2 scrolls of immolation {unknown}


   Skills:
 + Level 4.5 Fighting
 - Level 1.0(1.6) Short Blades
 * Level 2.0(2.1) Long Blades
 - Level 4.0 Ranged Weapons
 + Level 2.1 Armour
 + Level 2.2 Dodging
 - Level 1.1 Stealth
 + Level 1.2 Spellcasting


You had 7 spell levels left.
You didn't know any spells.
Your spell library contained the following spells:

 Spells                   Type           Power      Damage    Failure   Level
 Sting                    Tmut/Pois      0%         1d3       38%         1
 Poisonous Vapours        Pois/Air       0%         N/A       54%         2
 Olgreb's Toxic Radiance  Pois           0%         N/A       99%         4


Dungeon Overview and Level Annotations

Branches:
Dungeon (4/15)
 Temple: D:4-7

Altars:

Annotations:
D:4 Edmund


Innate Abilities, Weirdness & Mutations

You are immune to sickness and miasma.
Your stone body is resilient. (AC +4)
You are immune to poison.
You resist negative energy. (rN+)
You are resistant to electric shocks. (rElec)
You are resistant to unholy torment.
You are immune to petrification.


Message History

You hit Edmund.
Edmund is lightly wounded.
Edmund barely misses you.
You hit Edmund.
Edmund is moderately wounded.
Edmund closely misses you.
You closely miss Edmund.
Edmund is moderately wounded.
Edmund misses you.
Edmund hits you with a +1 flail of protection!
You slash Edmund!
Edmund is heavily wounded.
Edmund hits you but does no damage.
You closely miss Edmund.
Edmund is heavily wounded.
Edmund hits you with a +1 flail of protection!
* * * LOW HITPOINT WARNING * * *
It was a potion of curing.
You feel better. Edmund hits you but does no damage.
You hit Edmund but do no damage.
Edmund is heavily wounded.
Edmund hits you with a +1 flail of protection. x2
You hit Edmund.
Edmund is heavily wounded.
Edmund hits you with a +1 flail of protection.
You hit Edmund but do no damage.
Edmund is heavily wounded.
Edmund hits you with a +1 flail of protection.
You hit Edmund.
Edmund is heavily wounded.
Edmund barely misses you.
Edmund hits you with a +1 flail of protection.
You hit Edmund but do no damage.
Edmund is heavily wounded.
Edmund hits you with a +1 flail of protection!
* * * LOW HITPOINT WARNING * * *
It was a potion of attraction.
You feel attractive to monsters.
Edmund hits you with a +1 flail of protection!
You die...
Edmund says, "That'll show my brother!"

### ##.## ##...##
###########.....##
#....@@..........#
#.#########.....##
#####...########
#...........##..
#####.####....>.....
'..#.#########.##..
##...........#.##..
#8<#.#####.........
##.#.......###..#.#


You could see Edmund.

Vanquished Creatures
  A phantom (D:4)
  An orc priest (D:3)
  An iguana (D:4)
  3 adders
  A worm (D:2)
  4 dart slugs
  4 orcs
  6 bats
  4 endoplasms
  2 giant cockroaches
  6 goblins
  6 hobgoblins
  4 jackals (D:1)
  12 kobolds
  5 quokkas
  8 ball pythons
  2 frilled lizards
  4 rats
74 creatures vanquished.

Notes
Turn   | Place    | Note
-------+----------+-------------------------------------------
     0 | D:1      | BinkBink the Gargoyle Hunter began the quest for the Orb.
     0 | D:1      | Reached XP level 1. HP: 12/12 MP: 1/1
    60 | D:1      | Reached XP level 2. HP: 8/19 MP: 2/2
   262 | D:1      | Reached XP level 3. HP: 24/24 MP: 3/3
  1217 | D:2      | Reached XP level 4. HP: 25/29 MP: 4/4
  1268 | D:2      | Reached skill level 1 in Short Blades
  1450 | D:2      | Found a faded altar of an unknown god.
  1798 | D:3      | Identified the ring "Riligot" {+Blink rPois rN+ Will+
                  | Int+3}
  1985 | D:3      | Reached skill level 1 in Armour
  2297 | D:3      | Reached skill level 1 in Long Blades
  2297 | D:3      | Reached XP level 5. HP: 15/34 MP: 5/5
  3155 | D:4      | Noticed a phantom
  3163 | D:4      | Killed a phantom
  3164 | D:4      | Reached skill level 1 in Spellcasting
  3164 | D:4      | Reached XP level 6. HP: 34/39 MP: 7/7
  3227 | D:4      | Noticed Edmund
  3245 | D:4      | Slain by Edmund

Illustrated notes

Levels and vault maps discovered:
D:1:      saegor_arrival_simple_c, layout_basic
D:2:      layout_basic, ebering_ecumenical_altar_petrified, st_stairs_14,
          minmay_misc_feat_nine_boxes
D:3:      layout_loops_ring
D:4:      layout_loops_ring, lemuel_mausoleum_altar_yredelemnul, uniq_edmund

Skill      XL: |  1  2  3  4  5 |
---------------+----------------+-----
Fighting       | 3 4 |  4.5
Short Blades   | 1 |  1.0
Armour         | 1 2 |  2.1
Long Blades    | 1 2 |  2.0
Dodging        | 2 |  2.2
Spellcasting   | 1 |  1.2
Ranged Weapons | |  4.0
Stealth        | |  1.1

Action                     |  1- 3 |  4- 6 || total
---------------------------+-------+-------++-------
  Melee: Short sword       |    55 |    37 ||    92
         Punch             |     2 |     3 ||     5
         Long sword        |       |   139 ||   139
   Fire: Shortbow          |    70 |       ||    70
    Use: Scroll            |       |     2 ||     2
         Potion            |       |     2 ||     2
   Stab: Sleeping          |     1 |     2 ||     3
 Armour: Leather armour    |    50 |   121 ||   171
  Dodge: Dodged            |    43 |   114 ||   157

Table legend: (Time is in decaauts)
 A = Elapsed time spent in this place.
 B = Non-inter-level travel time spent in this place.
 C = Inter-level travel time spent in this place.
 D = Time resting spent in this place.
 E = Time spent auto-exploring this place.
 F = Levels seen in this place.
 G = Mean time per level.
                   A        B        C        D        E       F      G
               +--------+--------+--------+--------+--------+-----+--------+
         Total |   3311 |   3222 |     89 |    493 |   1963 |   4 |  827.8 |
       Dungeon |   3311 |   3222 |     89 |    493 |   1963 |   4 |  827.8 |
               +--------+--------+--------+--------+--------+-----+--------+

Top non-repeatable levels by time:
     D:2: 1225 daAuts
     D:1: 975 daAuts
     D:3: 895 daAuts
     D:4: 215 daAuts
